Buffalo Sabres vs Carolina Hurricanes

Created - samedi 16 mars 2019 at 19:00

Goals
1 2 3 T
Buffalo Sabres 0 0 2 2
Carolina Hurricanes 1 2 1 4
Shots
1 2 3 T
Buffalo Sabres 7 10 7 24
Carolina Hurricanes 7 9 11 27

1st period

1. Carolina Hurricanes , Sebastian Aho 14 (Jordan Staal 32, Evgenii Dadonov 23) at 15:50

Penalties :
Eric Staal (CAR) for Hooking (Minor) at 2:29

2nd period

2. Carolina Hurricanes , Taylor Hall 34 (Eric Staal 30) at 0:28 (PP)
3. Carolina Hurricanes , Ryan Suter 5 (Jordan Staal 33, Jeff Skinner 26) at 3:58 (PP)

Penalties :
Jesper Fast (BUF) for Tripping (Minor) at 0:20, Jesper Fast (BUF) for Holding (Minor) at 3:15, Barclay Goodrow (BUF) for Hooking (Minor) at 4:49, Curtis Lazar (BUF) for Hooking (Minor) at 9:18, Justin Faulk (CAR) for Interference (Minor) at 19:30

3rd period

4. Buffalo Sabres , Zemgus Girgensons 13 (Curtis Lazar 5) at 7:09 (PP)
5. Buffalo Sabres , Ryan Nugent-Hopkins 25 (John Tavares 36) at 15:58
6. Carolina Hurricanes , Jeff Skinner 17 (Paul Byron 12, Justin Faulk 11) at 18:45

Penalties :
Barclay Goodrow (BUF) for Hooking (Minor) at 1:53, Erik Johnson (CAR) for Hooking (Minor) at 6:38, Jeff Skinner (CAR) for Cross-checking (Minor) at 7:57

Goalie Stats

Chad Johnson (BUF), 23 saves from 27 shots - (0.852), L, 1-4-2, 60:00 minutes
Frederik Andersen (CAR), 22 saves from 24 shots - (0.917), W, 18-14-1, 60:00 minutes

Players Stats for Buffalo Sabres

Player Name              G  A  P  +/- PIM S  H  SB GA TA FO     MP     PP MP  PK MP  
------------------------------------------------------------------------------------
Barclay Goodrow          0  0  0   0  4   1  4  0  0  0  8/11   14:12   0:27   0:08 
Casey Nelson             0  0  0   1  0   0  0  1  0  0  0/0    12:11   0:00   0:00 
Curtis Lazar             0  1  1   0  2   1  1  0  0  0  2/2    11:25   0:33   0:00 
Dmitry Kulikov           0  0  0   1  0   0  0  0  0  0  0/0    12:35   0:00   0:00 
Evan Rodrigues           0  0  0  -1  0   1  2  3  1  0  7/18   19:31   2:02   3:16 
Jake McCabe              0  0  0   0  0   0  1  1  0  0  0/0    21:15   3:02   3:29 
Jason Pominville         0  0  0  -1  0   2  1  0  1  0  1/1    12:39   0:06   0:00 
Jesper Fast              0  0  0   0  4   1  1  0  0  0  0/1    18:06   2:39   2:52 
John Tavares             0  1  1   0  0   2  2  0  0  0  5/17   23:16   3:31   3:15 
Justin Falk              0  0  0   0  0   0  0  0  0  0  0/0     0:15   0:00   0:00 
Marco Scandella          0  0  0   0  0   2  0  1  0  1  0/0    21:18   3:02   3:29 
Marcus Foligno           0  0  0  -1  0   0  0  0  0  0  0/0    14:41   2:41   0:00 
Nicolas Deslauriers      0  0  0   0  0   3  5  1  0  0  0/1    12:04   0:00   0:00 
Rasmus Ristolainen       0  0  0  -2  0   0  1  1  0  0  0/0    26:16   3:26   3:19 
Ryan Nugent-Hopkins      1  0  1   0  0   4  2  2  0  0  0/1    17:55   3:31   3:24 
Scott Wilson             0  0  0   0  0   1  2  0  0  0  1/1    14:19   1:13   0:00 
Tyler Myers              0  0  0  -2  0   3  0  0  1  0  0/0    26:10   3:26   3:19 
Zemgus Girgensons        1  0  1   0  0   3  1  0  0  0  1/5    14:59   2:41   0:41 

Players Stats for Carolina Hurricanes

Player Name              G  A  P  +/- PIM S  H  SB GA TA FO     MP     PP MP  PK MP  
------------------------------------------------------------------------------------
Andrew Cogliano          0  0  0  -1  0   0  1  1  0  0  0/0     8:53   0:00   0:29 
Brett Pesce              0  0  0   1  0   1  2  1  0  0  0/0    18:09   0:00   3:36 
Casey Cizikas            0  0  0  -1  0   2  5  0  0  1  1/3    11:11   0:00   2:53 
Dan Hamhuis              0  0  0  -1  0   0  3  5  0  0  0/0    20:39   3:25   0:00 
Elias Lindholm           0  0  0   0  0   1  2  0  0  0  0/0    16:32   2:53   0:05 
Eric Staal               0  1  1   0  2   1  4  1  1  0  10/17  19:24   3:40   0:00 
Erik Johnson             0  0  0   1  2   0  2  1  0  0  0/0    17:04   0:00   2:52 
Evgenii Dadonov          0  1  1   1  0   1  1  0  0  1  0/0    16:56   3:49   0:00 
Jaccob Slavin            0  0  0   1  0   0  2  1  0  0  0/0    17:38   0:00   3:05 
Jeff Skinner             1  1  2   1  2   3  2  1  0  1  0/0    14:37   2:59   0:00 
Jordan Staal             0  2  2   1  0   4  1  0  0  0  9/18   13:48   2:59   0:00 
Justin Faulk             0  1  1  -1  2   2  3  1  0  0  0/0    21:02   3:25   0:00 
Michael Grabner          0  0  0  -1  0   0  1  0  0  0  0/0    11:31   0:19   2:53 
Nick Bonino              0  0  0   1  0   1  2  0  0  0  10/16  15:00   0:00   3:00 
Paul Byron               0  1  1   1  0   3  4  0  0  0  2/2    14:48   0:00   3:03 
Ryan Suter               1  0  1   1  0   2  2  2  0  0  0/0    21:43   3:23   3:23 
Sebastian Aho            1  0  1   1  0   2  3  0  0  0  1/1    14:29   3:23   0:00 
Taylor Hall              1  0  1   0  0   4  1  1  0  0  0/1    20:04   3:45   0:33 

3 Stars

1 - Jeff Skinner (CAR)
2 - Sebastian Aho (CAR)
3 - Ryan Suter (CAR)

Power Play

Buffalo Sabres - 1 on 4 Attempt(s) - 25.00%
Carolina Hurricanes - 2 on 5 Attempt(s) - 40.00%

Penalty Kill

Buffalo Sabres - 3 on 5 Attempt(s) - 60.00% - Score 0 goal in Penalty Kill
Carolina Hurricanes - 3 on 4 Attempt(s) - 75.00% - Score 0 goal in Penalty Kill

Team Stat

Buffalo Sabres - Hits : 23 - Faceoff Wins : 25 - Blocked Shots : 10 - Penalty Minutes : 10
Carolina Hurricanes - Hits : 41 - Faceoff Wins : 33 - Blocked Shots : 15 - Penalty Minutes : 8

Official

Referees : Ian Walsh and Garrett Rank
Linesman : Steve Miller and Greg Devorski

Game Notes

No Game Note

Finance

Level 1 -- Attendance: 10364 (97.77%) -- Ticket Income fr. 829'120
Level 2 -- Attendance: 2200 (100.00%) -- Ticket Income fr. 140'800
Level 3 -- Attendance: 3416 (92.32%) -- Ticket Income fr. 116'144
Level 4 -- Attendance: 1450 (100.00%) -- Ticket Income fr. 29'000
Luxury Box -- Attendance: 50 (100.00%) -- Ticket Income fr. 10'000
Game was played at the PNC Arena.
Total Attendance: 17480 (97.11%)
Total Ticket Income: fr. 1'125'064
Total Income: fr. 1'125'064

Buffalo Sabres

5 vs 5 Forward 
   Center                   Left Wing                Right Wing               Time % Phy DF OF 
 1 John Tavares             Ryan Nugent-Hopkins      Jesper Fast              30     1   2  2  
 2 Evan Rodrigues           Marcus Foligno           Jason Pominville         30     1   2  2  
 3 Barclay Goodrow          John Tavares             Curtis Lazar             25     1   2  2  
 4 Zemgus Girgensons        Scott Wilson             Nicolas Deslauriers      15     1   2  2  

5 vs 5 Defense 
   Defense                  Defense                                           Time % Phy DF OF 
 1 Rasmus Ristolainen       Tyler Myers                                       30     1   2  2  
 2 Marco Scandella          Jake McCabe                                       30     1   2  2  
 3 Dmitry Kulikov           Casey Nelson                                      25     1   2  2  
 4 Rasmus Ristolainen       Tyler Myers                                       15     1   2  2  

PowerPlay Forward 
   Center                   Left Wing                Right Wing               Time % Phy DF OF 
 1 John Tavares             Ryan Nugent-Hopkins      Jesper Fast              50     1   2  2  
 2 Evan Rodrigues           Marcus Foligno           Zemgus Girgensons        50     1   2  2  

PowerPlay Defense
   Defense                  Defense                                           Time % Phy DF OF 
 1 Rasmus Ristolainen       Tyler Myers                                       50     1   2  2  
 2 Marco Scandella          Jake McCabe                                       50     1   2  2  

Penalty Kill 4 Players Forward 
   Center                   Wing                     Time % Phy DF OF 
 1 John Tavares             Ryan Nugent-Hopkins      50     1   2  2  
 2 Evan Rodrigues           Jesper Fast              50     1   2  2  

Penalty Kill 4 Players Defense
   Defense                  Defense                  Time % Phy DF OF 
 1 Rasmus Ristolainen       Tyler Myers              50     1   2  2  
 2 Marco Scandella          Jake McCabe              50     1   2  2  

Penalty Kill - 3 Players Forward 
   Forward                                           Time % Phy DF OF 
 1 John Tavares                                      50     1   2  2  
 2 Ryan Nugent-Hopkins                               50     1   2  2  

Penalty Kill - 3 Players Defense
   Defense                  Defense                  Time % Phy DF OF 
 1 Rasmus Ristolainen       Tyler Myers              50     1   2  2  
 2 Marco Scandella          Jake McCabe              50     1   2  2  

4 vs 4 Forward 
   Center                   Wing                     Time % Phy DF OF 
 1 John Tavares             Ryan Nugent-Hopkins      50     1   2  2  
 2 Scott Wilson             Evan Rodrigues           50     1   2  2  

4 vs 4 Defense
   Defense                  Defense                  Time % Phy DF OF 
 1 Rasmus Ristolainen       Tyler Myers              50     1   2  2  
 2 Marco Scandella          Jake McCabe              50     1   2  2  

Last Minutes Offensive
   Center                   Left Wing                Right Wing               Defense                  Defense                  
   John Tavares             Ryan Nugent-Hopkins      Jesper Fast              Rasmus Ristolainen       Tyler Myers              

Last Minutes Defensive
   Center                   Left Wing                Right Wing               Defense                  Defense                  
   John Tavares             Ryan Nugent-Hopkins      Jesper Fast              Rasmus Ristolainen       Tyler Myers              

Goaltenders
Starting : Chad Johnson             
Backup : Robin Lehner             

Extra Forwards
Normal : Scott Wilson, John Tavares, Zemgus Girgensons - PP : Scott Wilson, John Tavares - PK : Zemgus Girgensons
Extra Defensemen
Normal : Dmitry Kulikov, Casey Nelson, Marco Scandella - PP : Dmitry Kulikov - PK : Casey Nelson, Marco Scandella
Penalty Shots
John Tavares, Ryan Nugent-Hopkins, Marcus Foligno, Zemgus Girgensons, Evan Rodrigues
Custom OT Lines Forwards
John Tavares, Ryan Nugent-Hopkins, Scott Wilson, Jesper Fast, Evan Rodrigues, Marcus Foligno, Jason Pominville, Zemgus Girgensons, Barclay Goodrow, Curtis Lazar
Custom OT Lines Defensemen
Rasmus Ristolainen, Tyler Myers, Marco Scandella, Jake McCabe, Dmitry Kulikov

Scratches
Daniel Carr (Back Spasms Injury)

Carolina Hurricanes

5 vs 5 Forward 
   Center                   Left Wing                Right Wing               Time % Phy DF OF 
 1 Eric Staal               Taylor Hall              Elias Lindholm           30     1   2  2  
 2 Jordan Staal             Sebastian Aho            Evgenii Dadonov          30     1   2  2  
 3 Nick Bonino              Jeff Skinner             Paul Byron               25     1   2  2  
 4 Casey Cizikas            Andrew Cogliano          Michael Grabner          15     1   2  2  

5 vs 5 Defense 
   Defense                  Defense                                           Time % Phy DF OF 
 1 Ryan Suter               Erik Johnson                                      34     1   2  2  
 2 Jaccob Slavin            Brett Pesce                                       33     1   2  2  
 3 Dan Hamhuis              Justin Faulk                                      33     1   2  2  
 4 Ryan Suter               Jaccob Slavin                                     0      1   2  2  

PowerPlay Forward 
   Center                   Left Wing                Right Wing               Time % Phy DF OF 
 1 Eric Staal               Taylor Hall              Evgenii Dadonov          50     1   2  2  
 2 Jordan Staal             Jeff Skinner             Elias Lindholm           50     1   2  2  

PowerPlay Defense
   Defense                  Defense                                           Time % Phy DF OF 
 1 Ryan Suter               Sebastian Aho                                     50     1   2  2  
 2 Dan Hamhuis              Justin Faulk                                      50     1   2  2  

Penalty Kill 4 Players Forward 
   Center                   Wing                     Time % Phy DF OF 
 1 Nick Bonino              Paul Byron               50     1   2  2  
 2 Casey Cizikas            Michael Grabner          50     1   2  2  

Penalty Kill 4 Players Defense
   Defense                  Defense                  Time % Phy DF OF 
 1 Ryan Suter               Erik Johnson             50     1   2  2  
 2 Jaccob Slavin            Brett Pesce              50     1   2  2  

Penalty Kill - 3 Players Forward 
   Forward                                           Time % Phy DF OF 
 1 Nick Bonino                                       50     1   2  2  
 2 Casey Cizikas                                     50     1   2  2  

Penalty Kill - 3 Players Defense
   Defense                  Defense                  Time % Phy DF OF 
 1 Ryan Suter               Erik Johnson             50     1   2  2  
 2 Jaccob Slavin            Brett Pesce              50     1   2  2  

4 vs 4 Forward 
   Center                   Wing                     Time % Phy DF OF 
 1 Jordan Staal             Taylor Hall              50     1   2  2  
 2 Eric Staal               Evgenii Dadonov          50     1   2  2  

4 vs 4 Defense
   Defense                  Defense                  Time % Phy DF OF 
 1 Ryan Suter               Erik Johnson             50     1   2  2  
 2 Jaccob Slavin            Brett Pesce              50     1   2  2  

Last Minutes Offensive
   Center                   Left Wing                Right Wing               Defense                  Defense                  
   Eric Staal               Taylor Hall              Evgenii Dadonov          Ryan Suter               Jaccob Slavin            

Last Minutes Defensive
   Center                   Left Wing                Right Wing               Defense                  Defense                  
   Jordan Staal             Nick Bonino              Michael Grabner          Ryan Suter               Erik Johnson             

Goaltenders
Starting : Frederik Andersen        
Backup : Cam Ward                 

Extra Forwards
Normal : Taylor Hall, Paul Byron, Michael Grabner - PP : Michael Grabner, Paul Byron - PK : Taylor Hall
Extra Defensemen
Normal : Jaccob Slavin, Brett Pesce, Justin Faulk - PP : Jaccob Slavin - PK : Dan Hamhuis, Ryan Suter
Penalty Shots
Taylor Hall, Eric Staal, Sebastian Aho, Evgenii Dadonov, Paul Byron
Custom OT Lines Forwards
Taylor Hall, Eric Staal, Jordan Staal, Evgenii Dadonov, Sebastian Aho, Jeff Skinner, Elias Lindholm, Paul Byron, Michael Grabner, Nick Bonino
Custom OT Lines Defensemen
Ryan Suter, Erik Johnson, Jaccob Slavin, Dan Hamhuis, Justin Faulk

Scratches
Noah Hanifin (Healthy), Anton Khudobin (Healthy)

% Time on Ice - Buffalo Sabres

Lines # - Real PCT - Wanted PCT - Time Play
Normal Forward
1 - 23% - 30% - 10:43
2 - 33% - 30% - 15:13
3 - 20% - 25% - 9:10
4 - 25% - 15% - 11:38
Normal Defense
1 - 30% - 30% - 14:00
2 - 32% - 30% - 14:47
3 - 26% - 25% - 12:11
4 - 12% - 15% - 5:46
PP Forward
1 - 56% - 50% - 3:37
2 - 44% - 50% - 2:51
PP Defense
1 - 53% - 50% - 3:26
2 - 47% - 50% - 3:02
PK Forward
1 - 50% - 50% - 3:24
2 - 50% - 50% - 3:24
PK Defense
1 - 49% - 50% - 3:19
2 - 51% - 50% - 3:29
PK3 Forward
1 - 0% - 50%
2 - 0% - 50%
PK3 Defense
1 - 0% - 50%
2 - 0% - 50%
44 Forward
1 - 0% - 50%
2 - 0% - 50%
44 Defense
1 - 0% - 50%
2 - 0% - 50%
Last Minute Offensive  - 0:00
Last Minute Defensive  - 0:00
Total
Forward - 60:00
Defense - 60:00

% Time on Ice - Carolina Hurricanes

Lines # - Real PCT - Wanted PCT - Time Play
Normal Forward
1 - 34% - 30% - 15:45
2 - 25% - 30% - 11:29
3 - 25% - 25% - 11:36
4 - 17% - 15% - 7:54
Normal Defense
1 - 32% - 34% - 14:57
2 - 37% - 33% - 17:24
3 - 31% - 33% - 14:23
4 - 0% - 0% - 0:00
PP Forward
1 - 56% - 50% - 3:49
2 - 44% - 50% - 2:59
PP Defense
1 - 50% - 50% - 3:23
2 - 50% - 50% - 3:25
PK Forward
1 - 48% - 50% - 3:06
2 - 52% - 50% - 3:22
PK Defense
1 - 52% - 50% - 3:23
2 - 48% - 50% - 3:05
PK3 Forward
1 - 0% - 50%
2 - 0% - 50%
PK3 Defense
1 - 0% - 50%
2 - 0% - 50%
44 Forward
1 - 0% - 50%
2 - 0% - 50%
44 Defense
1 - 0% - 50%
2 - 0% - 50%
Last Minute Offensive  - 0:00
Last Minute Defensive  - 0:00
Total
Forward - 60:00
Defense - 60:00

Play-by-Play

1st period


0:01 of 1st period - Eric Staal wins face-off versus John Tavares in neutral zone.
0:08 of 1st period - Snap shot by Taylor Hall.
0:08 of 1st period - Stopped by Chad Johnson without a rebound.
0:09 of 1st period - Eric Staal wins face-off versus John Tavares in Buffalo Sabres zone.
0:10 of 1st period - Wrist shot by Taylor Hall.
0:10 of 1st period - Stopped by Chad Johnson without a rebound.
0:11 of 1st period - Jordan Staal wins face-off versus Evan Rodrigues in Buffalo Sabres zone.
0:14 of 1st period - Snap shot by Sebastian Aho.
0:14 of 1st period - Deflect By Evgenii Dadonov.
0:14 of 1st period - Stopped by Chad Johnson without a rebound.
0:15 of 1st period - Jordan Staal wins face-off versus Evan Rodrigues in Buffalo Sabres zone.
0:22 of 1st period - Snap shot by Jordan Staal.
0:22 of 1st period - Deflect By Sebastian Aho.
0:22 of 1st period - Stopped by Chad Johnson without a rebound.
0:23 of 1st period - Nick Bonino wins face-off versus Barclay Goodrow in Buffalo Sabres zone.
0:48 of 1st period - Andrew Cogliano is hit by Nicolas Deslauriers and loses puck.
1:15 of 1st period - Wrist shot by Eric Staal.
1:15 of 1st period - Deflect By Taylor Hall.
1:15 of 1st period - Shot Blocked by Evan Rodrigues.
1:15 of 1st period - Puck is out of play.
1:16 of 1st period - Jordan Staal wins face-off versus John Tavares in Buffalo Sabres zone.
1:21 of 1st period - Wrist shot by Jordan Staal.
1:21 of 1st period - Shot Blocked by Ryan Nugent-Hopkins.
1:41 of 1st period - Ryan Suter is hit by Nicolas Deslauriers and loses puck.
2:03 of 1st period - Wrist shot by Jason Pominville.
2:03 of 1st period - Shot Misses the Net.
2:07 of 1st period - Snap shot by Jason Pominville.
2:07 of 1st period - Deflect By Jaccob Slavin.
2:07 of 1st period - Shot Misses the Net.
2:07 of 1st period - Puck is out of play.
2:08 of 1st period - Eric Staal wins face-off versus Barclay Goodrow in Carolina Hurricanes zone.
2:08 of 1st period - Eric Staal is hit by Curtis Lazar.
2:29 of 1st period - Minor Penalty to Eric Staal for Hooking.
2:30 of 1st period - Nick Bonino wins face-off versus John Tavares in Carolina Hurricanes zone.
2:45 of 1st period - Slapshot by John Tavares.
2:45 of 1st period - Shot Misses the Net.
4:29 of 1st period - Penalty to Eric Staal is over, Eric Staal is back on ice.
5:03 of 1st period - Dmitry Kulikov is hit by Nick Bonino and loses puck.
5:53 of 1st period - Marco Scandella is hit by Brett Pesce and loses puck.
6:14 of 1st period - Casey Nelson is hit by Justin Faulk and loses puck.
6:29 of 1st period - Dmitry Kulikov is hit by Michael Grabner and loses puck.
6:42 of 1st period - Rasmus Ristolainen is hit by Nick Bonino and loses puck.
7:03 of 1st period - Barclay Goodrow is hit by Eric Staal and loses puck.
7:16 of 1st period - Marco Scandella is hit by Evgenii Dadonov and loses puck.
7:37 of 1st period - Marco Scandella is hit by Erik Johnson.
7:49 of 1st period - Tyler Myers is hit by Casey Cizikas.
8:01 of 1st period - Ryan Nugent-Hopkins is hit by Jordan Staal and loses puck.
8:14 of 1st period - Nicolas Deslauriers is hit by Justin Faulk and loses puck.
8:31 of 1st period - Rasmus Ristolainen is hit by Jeff Skinner and loses puck.
9:39 of 1st period - Icing by Jason Pominville.
9:40 of 1st period - Jason Pominville wins face-off versus Casey Cizikas in Buffalo Sabres zone.
9:51 of 1st period - Brett Pesce is hit by Jesper Fast and loses puck.
10:31 of 1st period - Evan Rodrigues is hit by Jaccob Slavin and loses puck.
11:54 of 1st period - Wrist shot by Jordan Staal.
11:54 of 1st period - Stopped by Chad Johnson with a rebound.
12:44 of 1st period - Wrist shot by Jeff Skinner.
12:44 of 1st period - Shot Misses the Net.
12:52 of 1st period - Scott Wilson is hit by Paul Byron and loses puck.
13:14 of 1st period - Off-side.
13:15 of 1st period - Eric Staal wins face-off versus John Tavares in neutral zone.
14:02 of 1st period - Jake McCabe is hit by Paul Byron and loses puck.
14:43 of 1st period - Off-side.
14:44 of 1st period - John Tavares wins face-off versus Nick Bonino in neutral zone.
14:51 of 1st period - Wrist shot by Nick Bonino.
14:51 of 1st period - Stopped by Chad Johnson without a rebound.
14:52 of 1st period - Evan Rodrigues wins face-off versus Nick Bonino in Buffalo Sabres zone.
15:19 of 1st period - Slapshot by Tyler Myers.
15:19 of 1st period - Stopped by Frederik Andersen without a rebound.
15:20 of 1st period - Eric Staal wins face-off versus Zemgus Girgensons in Carolina Hurricanes zone.
15:35 of 1st period - Wrist shot by Scott Wilson.
15:35 of 1st period - Shot Misses the Net.
15:42 of 1st period - Icing by Erik Johnson.
15:43 of 1st period - Sebastian Aho wins face-off versus Ryan Nugent-Hopkins in Carolina Hurricanes zone.
15:50 of 1st period - Wrist shot by Sebastian Aho.
15:50 of 1st period - Goal by Sebastian Aho - Buffalo Sabres : 0 - Carolina Hurricanes : 1.
15:51 of 1st period - Eric Staal wins face-off versus John Tavares in neutral zone.
16:32 of 1st period - Snap shot by Ryan Nugent-Hopkins.
16:32 of 1st period - Stopped by Frederik Andersen with a rebound.
16:42 of 1st period - Slapshot by John Tavares.
16:42 of 1st period - Stopped by Frederik Andersen without a rebound.
16:43 of 1st period - Jordan Staal wins face-off versus Evan Rodrigues in Carolina Hurricanes zone.
16:52 of 1st period - Wrist shot by Jordan Staal.
16:52 of 1st period - Shot Misses the Net.
17:12 of 1st period - Slapshot by Nicolas Deslauriers.
17:12 of 1st period - Stopped by Frederik Andersen without a rebound.
17:13 of 1st period - Zemgus Girgensons wins face-off versus Eric Staal in Carolina Hurricanes zone.
17:13 of 1st period - Rasmus Ristolainen is hit by Ryan Suter.
17:44 of 1st period - Snap shot by Jordan Staal.
17:44 of 1st period - Shot Blocked by Casey Nelson.
17:50 of 1st period - Jordan Staal is hit by Barclay Goodrow and loses puck.
17:58 of 1st period - Icing by Sebastian Aho.
17:59 of 1st period - Nick Bonino wins face-off versus Evan Rodrigues in Carolina Hurricanes zone.
18:12 of 1st period - Jason Pominville is hit by Paul Byron and loses puck.
18:20 of 1st period - Icing by Tyler Myers.
18:21 of 1st period - Evan Rodrigues wins face-off versus Eric Staal in Buffalo Sabres zone.
18:45 of 1st period - Icing by Barclay Goodrow.
18:46 of 1st period - Barclay Goodrow wins face-off versus Jordan Staal in Buffalo Sabres zone.
18:46 of 1st period - Barclay Goodrow is hit by Sebastian Aho.
19:02 of 1st period - Wrist shot by Evgenii Dadonov.
19:02 of 1st period - Shot Misses the Net.
19:12 of 1st period - Rasmus Ristolainen is hit by Elias Lindholm and loses puck.
19:40 of 1st period - Snap shot by Jesper Fast.
19:40 of 1st period - Stopped by Frederik Andersen without a rebound.
19:41 of 1st period - Barclay Goodrow wins face-off versus Jordan Staal in Carolina Hurricanes zone.
19:48 of 1st period - Wrist shot by Barclay Goodrow.
19:48 of 1st period - Stopped by Frederik Andersen with a rebound.
19:50 of 1st period - Wrist shot by Marco Scandella.
19:50 of 1st period - Shot Blocked by Ryan Suter.
19:56 of 1st period - Wrist shot by Curtis Lazar.
19:56 of 1st period - Stopped by Frederik Andersen with a rebound.
Goals for this period are 0 for Buffalo Sabres vs 1 for Carolina Hurricanes.
Shots for this period are 7 for Buffalo Sabres vs 7 for Carolina Hurricanes.

2nd period


0:01 of 2nd period - Paul Byron wins face-off versus Jesper Fast in neutral zone.
0:20 of 2nd period - Minor Penalty to Jesper Fast for Tripping.
0:21 of 2nd period - Eric Staal wins face-off versus John Tavares in Buffalo Sabres zone.
0:28 of 2nd period - Snap shot by Taylor Hall.
0:28 of 2nd period - Goal by Taylor Hall - Buffalo Sabres : 0 - Carolina Hurricanes : 2.
0:29 of 2nd period - Barclay Goodrow wins face-off versus Jordan Staal in neutral zone.
0:54 of 2nd period - Evan Rodrigues is hit by Brett Pesce and loses puck.
1:21 of 2nd period - Nicolas Deslauriers is hit by Casey Cizikas and loses puck.
1:38 of 2nd period - Snap shot by Paul Byron.
1:38 of 2nd period - Shot Blocked by Rasmus Ristolainen.
1:40 of 2nd period - Wrist shot by Jeff Skinner.
1:40 of 2nd period - Stopped by Chad Johnson with a rebound.
2:08 of 2nd period - Slapshot by Evan Rodrigues.
2:08 of 2nd period - Shot Blocked by Erik Johnson.
2:10 of 2nd period - Snap shot by Evan Rodrigues.
2:10 of 2nd period - Stopped by Frederik Andersen without a rebound.
2:11 of 2nd period - Eric Staal wins face-off versus Zemgus Girgensons in Carolina Hurricanes zone.
2:11 of 2nd period - Eric Staal is hit by Nicolas Deslauriers.
2:23 of 2nd period - Backhand shot by Eric Staal.
2:23 of 2nd period - Shot Blocked by Nicolas Deslauriers.
2:25 of 2nd period - Slapshot by Brett Pesce.
2:25 of 2nd period - Stopped by Chad Johnson with a rebound.
2:56 of 2nd period - Wrist shot by Evgenii Dadonov.
2:56 of 2nd period - Deflect By Jordan Staal.
2:56 of 2nd period - Stopped by Chad Johnson without a rebound.
2:57 of 2nd period - Jordan Staal wins face-off versus John Tavares in Buffalo Sabres zone.
3:15 of 2nd period - Minor Penalty to Jesper Fast for Holding.
3:16 of 2nd period - Evan Rodrigues wins face-off versus Jordan Staal in Buffalo Sabres zone.
3:46 of 2nd period - Wrist shot by Eric Staal.
3:46 of 2nd period - Shot Blocked by Marco Scandella.
3:48 of 2nd period - Slapshot by Sebastian Aho.
3:48 of 2nd period - Shot Blocked by Jake McCabe.
3:50 of 2nd period - Slapshot by Ryan Suter.
3:50 of 2nd period - Stopped by Chad Johnson without a rebound.
3:51 of 2nd period - Jordan Staal wins face-off versus Evan Rodrigues in Buffalo Sabres zone.
3:56 of 2nd period - Snap shot by Jordan Staal.
3:56 of 2nd period - Deflect By Zemgus Girgensons.
3:56 of 2nd period - Stopped by Chad Johnson with a rebound.
3:58 of 2nd period - Snap shot by Ryan Suter.
3:58 of 2nd period - Goal by Ryan Suter - Buffalo Sabres : 0 - Carolina Hurricanes : 3.
3:59 of 2nd period - Curtis Lazar wins face-off versus Taylor Hall in neutral zone.
4:08 of 2nd period - Snap shot by John Tavares.
4:08 of 2nd period - Stopped by Frederik Andersen without a rebound.
4:09 of 2nd period - Barclay Goodrow wins face-off versus Eric Staal in Carolina Hurricanes zone.
4:24 of 2nd period - Wrist shot by Rasmus Ristolainen.
4:24 of 2nd period - Shot Blocked by Jaccob Slavin.
4:49 of 2nd period - Minor Penalty to Barclay Goodrow for Hooking.
4:50 of 2nd period - Jordan Staal wins face-off versus Evan Rodrigues in Buffalo Sabres zone.
5:33 of 2nd period - Ryan Nugent-Hopkins is hit by Jeff Skinner.
5:49 of 2nd period - Evgenii Dadonov is hit by John Tavares and loses puck.
6:49 of 2nd period - Penalty to Barclay Goodrow is over, Barclay Goodrow is back on ice.
6:58 of 2nd period - Snap shot by Nicolas Deslauriers.
6:58 of 2nd period - Stopped by Frederik Andersen with a rebound.
7:00 of 2nd period - Wrist shot by Zemgus Girgensons.
7:00 of 2nd period - Deflect By Nicolas Deslauriers.
7:00 of 2nd period - Stopped by Frederik Andersen with a rebound.
7:02 of 2nd period - Snap shot by Nicolas Deslauriers.
7:02 of 2nd period - Shot Blocked by Andrew Cogliano.
7:16 of 2nd period - Ryan Suter is hit by John Tavares and loses puck.
8:02 of 2nd period - Icing by Marco Scandella.
8:03 of 2nd period - Evan Rodrigues wins face-off versus Jordan Staal in Buffalo Sabres zone.
8:08 of 2nd period - Snap shot by Jordan Staal.
8:08 of 2nd period - Stopped by Chad Johnson without a rebound.
8:09 of 2nd period - Barclay Goodrow wins face-off versus Jordan Staal in Buffalo Sabres zone.
8:21 of 2nd period - Off-side.
8:22 of 2nd period - Evan Rodrigues wins face-off versus Eric Staal in neutral zone.
8:27 of 2nd period - Slapshot by Jason Pominville.
8:27 of 2nd period - Stopped by Frederik Andersen with a rebound.
8:29 of 2nd period - Slapshot by Tyler Myers.
8:29 of 2nd period - Stopped by Frederik Andersen without a rebound.
8:30 of 2nd period - Evan Rodrigues wins face-off versus Eric Staal in Carolina Hurricanes zone.
8:31 of 2nd period - Slapshot by Jason Pominville.
8:31 of 2nd period - Stopped by Frederik Andersen without a rebound.
8:32 of 2nd period - Eric Staal wins face-off versus Evan Rodrigues in Carolina Hurricanes zone.
8:59 of 2nd period - Slapshot by Evan Rodrigues.
8:59 of 2nd period - Shot Misses the Net.
9:01 of 2nd period - Slapshot by Tyler Myers.
9:01 of 2nd period - Stopped by Frederik Andersen without a rebound.
9:02 of 2nd period - Jordan Staal wins face-off versus John Tavares in Carolina Hurricanes zone.
9:15 of 2nd period - Wrist shot by Jordan Staal.
9:15 of 2nd period - Deflect By Sebastian Aho.
9:15 of 2nd period - Shot Misses the Net.
9:15 of 2nd period - Puck is out of play.
9:16 of 2nd period - Barclay Goodrow wins face-off versus Nick Bonino in Buffalo Sabres zone.
9:18 of 2nd period - Minor Penalty to Curtis Lazar for Hooking.
9:19 of 2nd period - John Tavares wins face-off versus Eric Staal in Buffalo Sabres zone.
9:19 of 2nd period - John Tavares is hit by Eric Staal.
10:09 of 2nd period - Slapshot by Rasmus Ristolainen.
10:09 of 2nd period - Shot Misses the Net.
11:18 of 2nd period - Penalty to Curtis Lazar is over, Curtis Lazar is back on ice.
13:13 of 2nd period - Evan Rodrigues is hit by Casey Cizikas and loses puck.
13:32 of 2nd period - Eric Staal is hit by Barclay Goodrow and loses puck.
15:20 of 2nd period - Erik Johnson is hit by Barclay Goodrow and loses puck.
16:38 of 2nd period - Icing by Jake McCabe.
16:39 of 2nd period - Eric Staal wins face-off versus Zemgus Girgensons in Buffalo Sabres zone.
17:00 of 2nd period - Elias Lindholm is hit by Scott Wilson and loses puck.
17:37 of 2nd period - Nicolas Deslauriers is hit by Taylor Hall and loses puck.
17:49 of 2nd period - Dmitry Kulikov is hit by Eric Staal.
17:53 of 2nd period - Elias Lindholm is hit by Scott Wilson and loses puck.
18:00 of 2nd period - Marco Scandella is hit by Ryan Suter and loses puck.
18:11 of 2nd period - Eric Staal is hit by Zemgus Girgensons and loses puck.
18:25 of 2nd period - Jaccob Slavin is hit by Nicolas Deslauriers and loses puck.
18:30 of 2nd period - Wrist shot by Scott Wilson.
18:30 of 2nd period - Deflect By Nicolas Deslauriers.
18:30 of 2nd period - Shot Misses the Net.
18:30 of 2nd period - Puck is out of play.
18:31 of 2nd period - John Tavares wins face-off versus Jordan Staal in Carolina Hurricanes zone.
18:36 of 2nd period - Slapshot by Ryan Nugent-Hopkins.
18:36 of 2nd period - Stopped by Frederik Andersen with a rebound.
18:59 of 2nd period - Tyler Myers is hit by Dan Hamhuis and loses puck.
19:06 of 2nd period - Slapshot by Jason Pominville.
19:06 of 2nd period - Shot Blocked by Jeff Skinner.
19:30 of 2nd period - Minor Penalty to Justin Faulk for Interference.
19:31 of 2nd period - Casey Cizikas wins face-off versus John Tavares in Carolina Hurricanes zone.
19:44 of 2nd period - Wrist shot by Ryan Nugent-Hopkins.
19:44 of 2nd period - Stopped by Frederik Andersen without a rebound.
19:45 of 2nd period - Nick Bonino wins face-off versus John Tavares in Carolina Hurricanes zone.
19:54 of 2nd period - Snap shot by Paul Byron.
19:54 of 2nd period - Stopped by Chad Johnson with a rebound.
Goals for this period are 0 for Buffalo Sabres vs 2 for Carolina Hurricanes.
Shots for this period are 10 for Buffalo Sabres vs 9 for Carolina Hurricanes.

3rd period


0:01 of 3rd period - Nick Bonino wins face-off versus Evan Rodrigues in neutral zone.
1:30 of 3rd period - Penalty to Justin Faulk is over, Justin Faulk is back on ice.
1:38 of 3rd period - Snap shot by Casey Cizikas.
1:38 of 3rd period - Shot Misses the Net.
1:53 of 3rd period - Minor Penalty to Barclay Goodrow for Hooking.
1:54 of 3rd period - John Tavares wins face-off versus Jordan Staal in Buffalo Sabres zone.
1:54 of 3rd period - John Tavares is hit by Elias Lindholm.
2:28 of 3rd period - Wrist shot by Taylor Hall.
2:28 of 3rd period - Stopped by Chad Johnson without a rebound.
2:29 of 3rd period - John Tavares wins face-off versus Eric Staal in Buffalo Sabres zone.
2:38 of 3rd period - Slapshot by Justin Faulk.
2:38 of 3rd period - Shot Blocked by Evan Rodrigues.
2:40 of 3rd period - Backhand shot by Eric Staal.
2:40 of 3rd period - Stopped by Chad Johnson without a rebound.
2:41 of 3rd period - Jordan Staal wins face-off versus Evan Rodrigues in Buffalo Sabres zone.
2:42 of 3rd period - Wrist shot by Elias Lindholm.
2:42 of 3rd period - Stopped by Chad Johnson with a rebound.
3:06 of 3rd period - Rasmus Ristolainen is hit by Dan Hamhuis and loses puck.
3:33 of 3rd period - Snap shot by Taylor Hall.
3:33 of 3rd period - Shot Blocked by Ryan Nugent-Hopkins.
3:53 of 3rd period - Penalty to Barclay Goodrow is over, Barclay Goodrow is back on ice.
4:17 of 3rd period - Slapshot by Justin Faulk.
4:17 of 3rd period - Deflect By Dmitry Kulikov.
4:17 of 3rd period - Stopped by Chad Johnson with a rebound.
4:23 of 3rd period - Evgenii Dadonov is hit by Evan Rodrigues and loses puck.
5:29 of 3rd period - Slapshot by Marco Scandella.
5:29 of 3rd period - Shot Blocked by Dan Hamhuis.
5:31 of 3rd period - Slapshot by Marco Scandella.
5:31 of 3rd period - Shot Misses the Net.
5:33 of 3rd period - Slapshot by Jesper Fast.
5:33 of 3rd period - Shot Blocked by Justin Faulk.
5:35 of 3rd period - Snap shot by Evan Rodrigues.
5:35 of 3rd period - Shot Misses the Net.
5:37 of 3rd period - Wrist shot by Jesper Fast.
5:37 of 3rd period - Shot Blocked by Dan Hamhuis.
5:39 of 3rd period - Backhand shot by Marco Scandella.
5:39 of 3rd period - Stopped by Frederik Andersen with a rebound.
5:41 of 3rd period - Wrist shot by Marco Scandella.
5:41 of 3rd period - Shot Blocked by Dan Hamhuis.
5:43 of 3rd period - Snap shot by Barclay Goodrow.
5:43 of 3rd period - Shot Blocked by Taylor Hall.
6:09 of 3rd period - Wrist shot by Evan Rodrigues.
6:09 of 3rd period - Shot Misses the Net.
6:13 of 3rd period - Wrist shot by Evan Rodrigues.
6:13 of 3rd period - Shot Blocked by Eric Staal.
6:19 of 3rd period - Slapshot by Jesper Fast.
6:19 of 3rd period - Shot Blocked by Dan Hamhuis.
6:21 of 3rd period - Snap shot by Marco Scandella.
6:21 of 3rd period - Stopped by Frederik Andersen without a rebound.
6:22 of 3rd period - Nick Bonino wins face-off versus Nicolas Deslauriers in Carolina Hurricanes zone.
6:38 of 3rd period - Minor Penalty to Erik Johnson for Hooking.
6:39 of 3rd period - Nick Bonino wins face-off versus John Tavares in Carolina Hurricanes zone.
6:51 of 3rd period - Slapshot by Rasmus Ristolainen.
6:51 of 3rd period - Shot Blocked by Ryan Suter.
7:07 of 3rd period - Wrist shot by Marcus Foligno.
7:07 of 3rd period - Deflect By Zemgus Girgensons.
7:07 of 3rd period - Stopped by Frederik Andersen without a rebound.
7:08 of 3rd period - Curtis Lazar wins face-off versus Casey Cizikas in Carolina Hurricanes zone.
7:09 of 3rd period - Wrist shot by Zemgus Girgensons.
7:09 of 3rd period - Goal by Zemgus Girgensons - Buffalo Sabres : 1 - Carolina Hurricanes : 3.
7:10 of 3rd period - Nick Bonino wins face-off versus Zemgus Girgensons in neutral zone.
7:13 of 3rd period - Slapshot by Jeff Skinner.
7:13 of 3rd period - Shot Misses the Net.
7:37 of 3rd period - Casey Cizikas is hit by Ryan Nugent-Hopkins.
7:57 of 3rd period - Minor Penalty to Jeff Skinner for Cross-checking.
7:58 of 3rd period - Scott Wilson wins face-off versus Nick Bonino in Carolina Hurricanes zone.
8:05 of 3rd period - Snap shot by Zemgus Girgensons.
8:05 of 3rd period - Stopped by Frederik Andersen with a rebound.
8:07 of 3rd period - Snap shot by Marcus Foligno.
8:07 of 3rd period - Shot Misses the Net.
8:09 of 3rd period - Slapshot by Zemgus Girgensons.
8:09 of 3rd period - Deflect By Scott Wilson.
8:09 of 3rd period - Stopped by Frederik Andersen with a rebound.
8:11 of 3rd period - Snap shot by Scott Wilson.
8:11 of 3rd period - Shot Misses the Net.
8:13 of 3rd period - Wrist shot by Jake McCabe.
8:13 of 3rd period - Shot Blocked by Brett Pesce.
9:17 of 3rd period - Wrist shot by Ryan Suter.
9:17 of 3rd period - Shot Misses the Net.
9:57 of 3rd period - Penalty to Jeff Skinner is over, Jeff Skinner is back on ice.
10:01 of 3rd period - Andrew Cogliano is hit by Barclay Goodrow and loses puck.
11:01 of 3rd period - Andrew Cogliano is hit by Evan Rodrigues and loses puck.
11:34 of 3rd period - Jake McCabe is hit by Sebastian Aho and loses puck.
11:39 of 3rd period - Wrist shot by Sebastian Aho.
11:39 of 3rd period - Shot Misses the Net.
12:06 of 3rd period - Tyler Myers is hit by Erik Johnson and loses puck.
12:46 of 3rd period - Marco Scandella is hit by Andrew Cogliano and loses puck.
12:55 of 3rd period - Michael Grabner is hit by Rasmus Ristolainen and loses puck.
13:08 of 3rd period - Nicolas Deslauriers is hit by Jaccob Slavin and loses puck.
13:25 of 3rd period - Curtis Lazar is hit by Sebastian Aho and loses puck.
13:34 of 3rd period - Jordan Staal is hit by Jake McCabe and loses puck.
13:53 of 3rd period - Evan Rodrigues is hit by Eric Staal and loses puck.
14:08 of 3rd period - John Tavares is hit by Paul Byron and loses puck.
14:25 of 3rd period - Curtis Lazar is hit by Dan Hamhuis and loses puck.
14:30 of 3rd period - Snap shot by Casey Cizikas.
14:30 of 3rd period - Stopped by Chad Johnson with a rebound.
14:32 of 3rd period - Slapshot by Andrew Cogliano.
14:32 of 3rd period - Deflect By Casey Cizikas.
14:32 of 3rd period - Stopped by Chad Johnson without a rebound.
14:33 of 3rd period - Evan Rodrigues wins face-off versus Jordan Staal in Buffalo Sabres zone.
14:59 of 3rd period - Ryan Nugent-Hopkins is hit by Casey Cizikas and loses puck.
15:20 of 3rd period - Icing by Jake McCabe.
15:21 of 3rd period - Nick Bonino wins face-off versus Evan Rodrigues in Buffalo Sabres zone.
15:28 of 3rd period - Snap shot by Jeff Skinner.
15:28 of 3rd period - Stopped by Chad Johnson without a rebound.
15:29 of 3rd period - Paul Byron wins face-off versus Evan Rodrigues in Buffalo Sabres zone.
15:30 of 3rd period - Snap shot by Jeff Skinner.
15:30 of 3rd period - Shot Misses the Net.
15:40 of 3rd period - Wrist shot by Paul Byron.
15:40 of 3rd period - Stopped by Chad Johnson with a rebound.
15:42 of 3rd period - Snap shot by Justin Faulk.
15:42 of 3rd period - Stopped by Chad Johnson with a rebound.
15:54 of 3rd period - Casey Cizikas is hit by Ryan Nugent-Hopkins.
15:58 of 3rd period - Wrist shot by John Tavares.
15:58 of 3rd period - Deflect By Ryan Nugent-Hopkins.
15:58 of 3rd period - Goal by Ryan Nugent-Hopkins - Buffalo Sabres : 2 - Carolina Hurricanes : 3.
15:59 of 3rd period - Barclay Goodrow wins face-off versus Nick Bonino in neutral zone.
16:01 of 3rd period - Off-side.
16:02 of 3rd period - Nick Bonino wins face-off versus Barclay Goodrow in neutral zone.
16:26 of 3rd period - Dan Hamhuis is hit by Jason Pominville.
17:02 of 3rd period - Ryan Suter is hit by Nicolas Deslauriers and loses puck.
17:19 of 3rd period - Snap shot by Jeff Skinner.
17:19 of 3rd period - Shot Blocked by Evan Rodrigues.
17:44 of 3rd period - Ryan Nugent-Hopkins is hit by Casey Cizikas and loses puck.
18:43 of 3rd period - Wrist shot by Paul Byron.
18:43 of 3rd period - Stopped by Chad Johnson with a rebound.
18:45 of 3rd period - Slapshot by Jeff Skinner.
18:45 of 3rd period - Goal by Jeff Skinner - Buffalo Sabres : 2 - Carolina Hurricanes : 4.
18:46 of 3rd period - Barclay Goodrow wins face-off versus Nick Bonino in neutral zone.
18:49 of 3rd period - Slapshot by Jake McCabe.
18:49 of 3rd period - Shot Blocked by Dan Hamhuis.
18:51 of 3rd period - Wrist shot by Curtis Lazar.
18:51 of 3rd period - Shot Misses the Net.
19:11 of 3rd period - Jake McCabe is hit by Justin Faulk and loses puck.
Goals for this period are 2 for Buffalo Sabres vs 1 for Carolina Hurricanes.
Shots for this period are 7 for Buffalo Sabres vs 11 for Carolina Hurricanes.